 Dungeon Crawl Stone Soup version 0.29.1-14-g9c671dbff4 (webtiles) character file.

Game seed: 10652461062113926970

15 hawla the Chiller (level 2, -3/20 HPs)
             Began as a Meteoran Ice Elementalist on Feb 18, 2023.
             Slain by Grinder (6 damage)
             ... on level 4 of the Dungeon.
             The game lasted 00:01:25 (288 turns).

hawla the Chiller (Meteoran Ice Elementalist)        Turns: 288, Time: 00:01:26

Health: -3/20      AC:  2    Str:  9    XL:     2   Next: 88%
Magic:  5/6        EV: 12    Int: 16    God:
Gold:   33         SH:  0    Dex: 14    Spells: 5/6 levels left

rFire   + . .      SeeInvis .   e - staff of cold
rCold   + . .      Faith    .   (no shield)
rNeg    . . .      Spirit   .   a - +0 robe
rPois   .          Reflect  .   (no helmet)
rElec   .          Harm     .   (no cloak)
rCorr   .          Rampage  .   (no gloves)
Will    .....                   (no boots)
Stlth   +.........              (no amulet)
HPRegen 0.06/turn               g - ring of protection from fire
MPRegen 0.10/turn               (no ring)

@: glowing
A: sense surroundings 1, otherworldly, glowing, explore regen
a: no special abilities


You were on level 4 of the Dungeon.
You visited 1 branch of the dungeon, and saw 4 of its levels.

You collected 33 gold pieces.

Inventory:

Armour
 a - a +0 robe (worn)
Magical Staves
 e - a staff of cold (weapon)
Jewellery
 g - a ring of protection from fire (left hand)
Potions
 b - a potion of magic
 d - a potion of curing


   Skills:
 + Level 2.5 Dodging
 - Level 1.4 Stealth
 + Level 2.9 Spellcasting
 + Level 5.0 Ice Magic


You had 5 spell levels left.
You knew the following spells:

 Your Spells              Type           Power      Damage    Failure   Level
a - Freeze                Ice            100%       1d11      2%          1

Your spell library contained the following spells:

 Spells                   Type           Power      Damage    Failure   Level
 Frozen Ramparts          Ice            54%        1d9       7%          3
 Ozocubu's Armour         Ice            27%        N/A       7%          3
 Hailstorm                Conj/Ice       15%        3d5       56%         4


Dungeon Overview and Level Annotations

Branches:
Dungeon (4/15) Zot: 2111
 Temple: D:4-7

Altars:

Annotations:
D:4 Grinder


Innate Abilities, Weirdness & Mutations

You passively map a small area around you.
You are easily found by Zot.
You glow in the dark.
You regain HP and MP as you explore.


Message History

As you read the scroll of identify, it crumbles to dust.
f - a potion of heal wounds Grinder comes into view.
She is carrying a wand of flame (12).
Press: ? - help, v - describe, . - travel
Here: Grinder, carrying a wand of flame (12)
The floor.
Grinder zaps a wand.
The puff of flame hits you. You resist.
Casting: Freeze (safe; 2% risk of failure)
Confirm with . or Enter, or press ? or * to list all spells.
You don't know that spell.
Grinder gestures at you. Pain shoots through your body!
Ouch! That really hurt!
* * * LOW HITPOINT WARNING * * *
You feel much better.
You aren't carrying any scrolls.
Casting: Freeze (safe; 2% risk of failure)
Confirm with . or Enter, or press ? or * to list all spells.
Okay, then.
Grinder gestures at you. Pain shoots through your body!
Ouch! That really hurt!
Casting: Freeze (safe; 2% risk of failure)
Confirm with . or Enter, or press ? or * to list all spells.
You don't know that spell.
Casting: Freeze (safe; 2% risk of failure)
Confirm with . or Enter, or press ? or * to list all spells.
You don't know that spell.
Grinder zaps a wand.
The puff of flame hits you. You resist.
* * * LOW HITPOINT WARNING * * *
Casting: Freeze (safe; 2% risk of failure)
Confirm with . or Enter, or press ? or * to list all spells.
Aiming: Freeze (safe; 2% risk of failure)
Press: ? - help, Shift-Dir - straight line, f - Grinder
Aim: Grinder, carrying a wand of flame (10)
You feel a surge of power!
You freeze Grinder but do no damage.
Grinder completely resists.
Grinder hits you.
* * * LOW HITPOINT WARNING * * *
You writhe in agony.
You die...

..............
..#.#
.##....#######
#.#.# ........
* #.#.#
.##....#. ,*
#.#.# ,
######## #.#.#
,, #.#.# * * *
#.#.# #5#.#
#@#.# #.#.#
#.#.# #.#.#
#...# #####


You could see Grinder.

Vanquished Creatures
  An adder (D:2)
  An endoplasm (D:1)
  2 quokkas
  2 ball pythons (D:3)
6 creatures vanquished.

Notes
Turn   | Place    | Note
-------+----------+-------------------------------------------
     0 | D:1      | hawla the Meteoran Ice Elementalist began the quest for the
                  | Orb.
     0 | D:1      | Reached XP level 1. HP: 14/14 MP: 5/5
    17 | D:1      | Found a faded altar of an unknown god.
   123 | D:2      | Reached XP level 2. HP: 17/20 MP: 3/6
   130 | D:3      | Reached skill level 5 in Ice Magic
   137 | D:3      | Identified the +6 long sword of Drought {pain, rPois rC-
                  | Will- Int+6}
   277 | D:4      | Noticed Grinder
   288 | D:4      | Slain by Grinder

Illustrated notes

Levels and vault maps discovered:
D:1:      tarquinn_simple_flora_water_e, layout_basic,
          shapermc_ecumenical_altar_acropolis, nicolae_kite_square_tiling_tiny,
          serial_bayou_lagoon_b
D:2:      layout_loops_ring
D:3:      layout_rooms, mainiacjoe_overflow_six_doors_small,
          mainiacjoe_overflow_alcove_1, nicolae_overflow_crystal_walls,
          minmay_bisected, uniq_natasha
D:4:      layout_basic, kennysheep_little_box, lemuel_tele_altar,
          minmay_misc_feat_diagonals, uniq_grinder

Skill      XL: |  1  2 |
---------------+-------+-----
Ice Magic      | 5 |  5.0
Dodging        | |  2.5
Stealth        | |  1.4
Spellcasting   | |  2.9

Action                   || total
-------------------------++-------
 Cast: Freeze            ||     9
  Use: Scroll            ||     2
       Potion            ||     1
Dodge: Dodged            ||     3
